 Dungeon Crawl Stone Soup version 0.17.2-1-ge4368a0 (webtiles) character file.

788 tidbits the Insei (level 7, 0/51 HPs)
             Began as a Demigod Transmuter on Sept 22, 2017.
             Splashed by a jelly's acid (4 damage)
             ... on level 5 of the Dungeon.
             The game lasted 00:19:16 (2126 turns).

tidbits the Insei (Demigod Transmuter)              Turns: 2126, Time: 00:19:16

Health: 0/51       AC: -2    Str: 13    XL:     7   Next: 30%
Magic:  10/13      EV: 20    Int: 21    God:
Gold:   230        SH:  0    Dex: 21    Spells: 3 memorised, 5 levels left

rFire  . . .     SeeInvis .       - Unarmed
rCold  . . .     Clarity  .     (armour currently unavailable)
rNeg   . . .     SustAt   +     (shield currently unavailable)
rPois  x         Gourm    .     (helmet currently unavailable)
rElec  .         Spirit   .     (cloak currently unavailable)
rCorr  .         Warding  .     (gloves currently unavailable)
rMut   .         Stasis   .     (boots currently unavailable)
MR     .....                    (no amulet)
Stlth  ++........               (no ring)
                                (no ring)

@: spider-form, corroded equipment, not resistant to hostile enchantments,
unstealthy
A: high mp 1, sustain attributes
a: End Transformation


You were on level 5 of the Dungeon.
You were hungry.
You were a venomous arachnid creature.
You visited 1 branch of the dungeon, and saw 5 of its levels.
You also visited: Sewer.

You collected 230 gold pieces.

Inventory:

Hand Weapons
 d - a +0 dagger
   (You found it on level 1 of the Dungeon)
 s - a +2 dagger of speed
   (You took it off an orc wizard on level 4 of the Dungeon)
 w - a +0 blowgun
   (You took it off a kobold in a sewer)
 y - a +0 whip of electrocution
   (You took it off an orc on level 4 of the Dungeon)
Missiles
 a - 90 arrows
 x - 23 poisoned needles
Armour
 b - a +0 robe (melded)
 g - an ice dragon hide
   (You found it on level 3 of the Dungeon)
 j - a +0 buckler
   (You found it on level 1 of the Dungeon)
 E - a +0 helmet (melded)
   (You took it off Robin on level 2 of the Dungeon)
Scrolls
 f - a scroll of recharging
 i - a scroll of teleportation
 k - a scroll of noise {unknown}
 n - a scroll of fog {unknown}
 o - a scroll of immolation {unknown}
 r - 3 scrolls of remove curse
 t - a scroll of enchant weapon {unknown}
 u - a scroll of enchant armour {unknown}
 v - a scroll of random uselessness {unknown}
 D - a scroll of blinking {unknown}
Potions
 h - 3 potions of heal wounds
 q - 3 potions of might
 z - a potion of agility {unknown}
 A - 3 potions of curing
 B - 2 potions of brilliance
Books
 c - a book of Changes

   Spells                             Type                      Level
   a - Beastly Appendage              Transmutation                1
   b - Sticks to Snakes               Transmutation                2
   c - Spider Form                    Transmutation/Poison         3
   d - Ice Form                       Ice/Transmutation            4
   e - Blade Hands                    Transmutation                5
 p - a book of Spatial Translocations
   (You found it on level 2 of the Dungeon)

   Spells                             Type                      Level
   a - Apportation                    Translocation                1
   b - Blink                          Translocation                2
   c - Shroud of Golubria             Charms/Translocation         2
   d - Portal Projectile              Translocation                3
   e - Teleport Other                 Translocation                3
   f - Passage of Golubria            Translocation                4
Comestibles
 e - 2 bread rations
 l - a slice of pizza
 C - 4 chunks of flesh


   Skills:
 - Level 0.8 Fighting
 - Level 1.7 Dodging
 + Level 7.7 Unarmed Combat
 - Level 2.5 Spellcasting
 - Level 2.7 Transmutations


You had 5 spell levels left.
You knew the following spells:

 Your Spells              Type           Power        Failure   Level  Hunger
e - Beastly Appendage     Trmt           ##....       17%         1    None
k - Sticks to Snakes      Trmt           ##........   24%         2    ##.....
p - Spider Form           Trmt/Pois      #.........   52%         3    ###....


Dungeon Overview and Level Annotations

Branches:
Dungeon (5/15)
 Temple: D:4-7

Annotations:
D:4 tidbits's ghost, amateur DgTm


Innate Abilities, Weirdness & Mutations

You have an increased reservoir of magic (+10% MP).
Your attributes are resistant to harm.


Message History

You feel sick.
The shadow imp shouts!
Your transformation has ended.
Your +0 helmet unmelds from your body.
Your +0 robe unmelds from your body.
You feel sick.
You feel sick.
Casting: Sticks to Snakes
Confirm with . or Enter, or press ? or * to list all spells.
You turn into a venomous arachnid creature.
Your +0 helmet melds into your body.
Your +0 robe melds into your body.
You feel sick. The shadow imp gestures at you. Pain shoots through your body!
* * * LOW HITPOINT WARNING * * *
The shadow imp hits you.
* * * LOW HITPOINT WARNING * * *
You bite the shadow imp!
The shadow imp is poisoned.
The shadow imp is almost dead.
You feel sick.
You kill the shadow imp!
You feel sick.
There is an open door here.
You feel sick.
D - a scroll labeled OGY HEOCYNOPU You swap places.
There is an open door here.
You feel sick.
Your transformation is almost over.
You feel sick.
Your ball python withers and dies!
You feel sick.
You feel sick.
Your transformation has ended.
Your +0 helmet unmelds from your body.
Your +0 robe unmelds from your body.
There is a stone staircase leading down here.
Read which item? (? for menu, Esc to quit)
Identify which item? (\ to view known items) (? for menu, Esc to quit)
As you read the scroll of identify, it crumbles to dust.
h - 3 potions of heal wounds You feel sick.
Read which item? (? for menu, Esc to quit)
Identify which item? (\ to view known items) (? for menu, Esc to quit)
As you read the scroll of identify, it crumbles to dust.
A - 3 potions of curing Wield which item (- for none, * to show all)? (? for menu, Esc to quit)
a - 90 arrows (in hand)
You swing at nothing.
You swing at nothing.
You feel sick.
You are no longer poisoned.
You swing at nothing.
You swing at nothing.
You swing at nothing.
You swing at nothing.
You swing at nothing.
You swing at nothing.
You swing at nothing.
You swing at nothing.
You swing at nothing.
You swing at nothing.
You swing at nothing.
You swing at nothing.
You swing at nothing.
You swing at nothing.
You swing at nothing.
You swing at nothing.
You swing at nothing.
You swing at nothing.
You swing at nothing.
You swing at nothing.
You swing at nothing.
You swing at nothing.
You swing at nothing.
You swing at nothing.
You swing at nothing.
You swing at nothing.
You swing at nothing.
You swing at nothing.
You swing at nothing.
You swing at nothing.
You swing at nothing.
You swing at nothing.
Wield which item (- for none, * to show all)? (? for menu, Esc to quit)
You are now empty-handed.
You climb downwards.
A jelly comes into view.
Found four items.
There is a stone staircase leading up here.
Casting: Spider Form
Confirm with . or Enter, or press ? or * to list all spells.
You turn into a venomous arachnid creature.
Your +0 helmet melds into your body.
Your +0 robe melds into your body.
The jelly quivers.
The jelly hits you.
* * * LOW HITPOINT WARNING * * *
You are splashed with acid!
The acid corrodes you!
The acid burns!
* * * LOW HITPOINT WARNING * * *
You are feeling hungry.
You hit the jelly but do no damage.
The jelly is poisoned.
Your front legs burn!
You die...

#### #.#.J#
#...s#
#...###..$....#
# ........#
.#.....#..
..#.?...# (.
#.....# #.#
#....?# #.
#######


You could see a jelly.

Vanquished Creatures
  2 phantoms (D:4)
  An ogre (D:4)
  3 big kobolds (Sewer)
  A giant frog skeleton (D:4)
  2 orc wizards (D:4)
  3 worker ants (D:4)
  A hound skeleton (D:4)
  4 adders
  A shadow imp (D:4)
  4 oozes
  3 worms
  3 giant geckos
  12 orcs
  A ball python (D:1)
  3 bats (D:2)
  7 goblins
  4 hobgoblins
  2 jackals (D:2)
  A quokka (D:4)
  7 giant cockroaches
  3 giant newts
  9 kobolds
  9 rats
86 creatures vanquished.

Vanquished Creatures (collateral kills)
  A big kobold (Sewer)
  Robin (D:2)
  An adder (D:2)
  An adder skeleton (D:4)
  A worm (D:2)
  2 orcs (D:4)
  A bat (D:2)
  A giant cockroach (D:2)
  2 hobgoblins (D:2)
  4 kobolds
  A giant newt (Sewer)
  8 goblins (D:2)
  A rat (D:1)
25 creatures vanquished.

Grand Total: 111 creatures vanquished

Notes
Turn   | Place    | Note
--------------------------------------------------------------
     0 | D:1      | tidbits the Demigod Transmuter began the quest for the Orb.
     0 | D:1      | Reached XP level 1. HP: 15/15 MP: 5/5
   181 | D:1      | Reached skill level 2 in Transmutations
   211 | D:1      | Reached skill level 2 in Spellcasting
   265 | D:1      | Reached XP level 2. HP: 17/22 MP: 4/7
   269 | D:1      | Learned a level 2 spell: Sticks to Snakes
   324 | D:1      | HP: 2/22 [kobold/dagger (1)]
   538 | D:2      | Noticed Robin
   555 | D:2      | Killed Robin
   555 | D:2      | Reached XP level 3. HP: 3/27 MP: 1/9
   672 | D:2      | Learned a level 3 spell: Spider Form
   790 | D:2      | Reached skill level 3 in Unarmed Combat
   935 | D:3      | Reached XP level 4. HP: 32/34 MP: 0/10
   988 | D:3      | Found a sparkling altar of Nemelex Xobeh.
  1091 | D:4      | Noticed a phantom
  1118 | D:4      | Killed a phantom
  1118 | D:4      | Reached skill level 4 in Unarmed Combat
  1184 | D:4      | Reached XP level 5. HP: 16/39 MP: 4/11
  1187 | D:4      | Found a shadowy altar of Dithmenos.
  1204 | D:4      | Noticed tidbits's ghost (amateur DgTm)
  1254 | D:4      | Reached skill level 5 in Unarmed Combat
  1340 | D:5      | Entered Level 5 of the Dungeon
  1370 | D:4      | Noticed an ogre
  1379 | D:4      | Killed an ogre
  1379 | D:4      | Reached XP level 6. HP: 21/46 MP: 0/12
  1399 | D:4      | Found a bloodstained altar of Trog.
  1526 | D:4      | Found a glowing drain.
  1530 | Sewer    | Entered a sewer
  1579 | Sewer    | Reached skill level 6 in Unarmed Combat
  1618 | Sewer    | HP: 4/46 [poisoned by a kobold]
  1875 | Sewer    | Reached skill level 7 in Unarmed Combat
  1875 | Sewer    | Reached XP level 7. HP: 46/51 MP: 5/13
  1948 | D:4      | Found a stormy altar of Qazlal.
  1957 | D:4      | Noticed a phantom
  1997 | D:4      | Killed a phantom
  2125 | D:5      | HP: 4/51 [acid (8)]
  2126 | D:5      | Splashed by a jelly's acid

Action                   |  1- 3 |  4- 6 |  7- 9 || total
-------------------------+-------+-------+-------++-------
Melee: Dagger            |    84 |       |       ||    84
       Unarmed           |    33 |   120 |    28 ||   181
 Cast: Beastly Appendage |    14 |       |       ||    14
       Sticks to Snakes  |    13 |    11 |     3 ||    27
       Spider Form       |     5 |    20 |     5 ||    30
 Abil: End Transformatio |     1 |       |       ||     1
  Use: Potion            |     3 |     2 |       ||     5
       Scroll            |       |     3 |     2 ||     5
 Stab: Distracted        |       |     1 |     2 ||     3
       Sleeping          |       |     3 |       ||     3
  Eat: Chunk             |     2 |     6 |     2 ||    10
       Pizza             |       |     1 |       ||     1

Table legend:
 A = Turns spent in this place as a percentage of turns spent in the entire game.
 B = Non-inter-level travel turns spent in this place as a percentage of non-inter-level travel turns spent in the entire game.
 C = Inter-level travel turns spent in this place as a percentage of turns spent in this place.
 D = Turns resting spent in this place as a percentage of non-inter-level travel turns spent in this place.
 E = Turns spent auto-exploring this place as a percentage of non-inter-level travel turns spent in this place.
 F = Non-inter-level travel turns spent in this place divided by the number of levels of this place that you've seen.
                   A       B       C       D       E      F
               +-------+-------+-------+-------+-------+----------------------
         Total | 100.0 | 100.0 |   0.1 |   0.0 |   0.0 | 312.8
       Dungeon |  80.5 |  80.4 |   0.1 |   0.0 |   0.0 | 302.0
         Sewer |  19.5 |  19.6 |   0.0 |   0.0 |   0.0 | 367.0
               +-------+-------+-------+-------+-------+----------------------

Table legend:
 A = Kills in this place as a percentage of kills in entire the game.
 B = Kills by you in this place as a percentage of kills by you in the entire game.
 C = Kills by friends in this place as a percentage of kills by friends in the entire game.
 D = Other kills in this place as a percentage of other kills in the entire game.
 E = Experience gained in this place as a percentage of experience gained in the entire game.
 F = Experience gained in this place divided by the number of levels of this place that you have seen.
                   A       B       C       D       E      F
               +-------+-------+-------+-------+-------+----------------------
         Total | 100.0 | 100.0 | 100.0 |  -nan | 100.0 | 187.7
       Dungeon |  78.4 |  76.7 |  84.0 |  -nan |  64.7 | 145.8
         Sewer |  21.6 |  23.3 |  16.0 |  -nan |  35.3 | 397.0
               +-------+-------+-------+-------+-------+----------------------

Vault maps used:
D:1:      dpeg_arrival_shrine, minmay_misc_feat_x
D:2:      uniq_robin
D:3:      ecumenical_altar_1, nemelex_dance_club_becter
D:4:      overflow_temple_1_default, grunt_dithmenos_shadows,
          gup_sewer_entry_spiral, trog_three_pillars_becter
D:5:      marbit_many_paths, minmay_temple_entry_junction, first_bread,
          basic_altar, kennysheep_small_square, uniq_blork_the_orc
Sewer:    kennysheep_pipe_town
